 Dungeon Crawl Stone Soup version 0.29-a0-468-ge57f7f99b4 (webtiles) character file.

Game seed: 12725228882631506011

3928 dolemite99 the Basher (level 10, -1/74 (77) HPs)
             Began as a Minotaur Fighter on May 22, 2022.
             Was a Plaything of Xom.
             Succumbed to a hornet's poison
             ... on level 9 of the Dungeon.
             The game lasted 00:10:30 (10756 turns).

dolemite99 the Basher (Minotaur Fighter)           Turns: 10756, Time: 00:10:30

HP:   -1/74 (77)    AC: 13    Str: 24    XL:     10   Next: 1%
MP:   9/9           EV:  6    Int:  1    God:    Xom [..*...]
Gold: 390           SH:  4    Dex: 11    Spells: 9/9 levels left

rFire   . . .      SeeInvis .   b - +0 flail (venom)
rCold   . . .      Faith    +   c - +0 buckler
rNeg    . . .      Spirit   .   J - +0 plate armour
rPois   .          Reflect  .   (helmet restricted)
rElec   .          Harm     .   (no cloak)
rCorr   .          Rampage  .   (no gloves)
Will    .....      Clarity  +   (no boots)
Stlth   ..........              i - amulet of faith
HPRegen 0.22/turn               (no ring)
MPRegen 0.11/turn               (no ring)

@: lethally poisoned (-1 -> -11), slowed, lightly drained, unable to read, very
slow
A: horns 2, retaliatory headbutt, hooves 1, clarity, dopey 2, frail 1, wild
magic 1, evolution 1, inability to read while threatened
a: Renounce Religion


You were on level 9 of the Dungeon.
You worshipped Xom.
You were a toy of Xom.
You visited 2 branches of the dungeon, and saw 10 of its levels.

You collected 488 gold pieces.
You spent 98 gold pieces at shops.

Inventory:

Hand Weapons
 a - a +4 whip of venom
 b - a +0 flail of venom (weapon)
 r - a +2 whip of pain
 x - a +1 whip of draining
 I - a +0 war axe
Missiles
 g - a throwing net
 v - 5 atropa-tipped darts
 y - 2 javelins (quivered)
 D - 10 poisoned darts
Armour
 c - a +0 buckler (worn)
 l - +0 swamp dragon scales
 m - a +1 chain mail
 u - a +0 kite shield
 J - a +0 plate armour (worn)
Jewellery
 i - an amulet of faith (around neck)
 j - an amulet of the acrobat
 n - a +6 ring of intelligence
 G - a ring of poison resistance
Wands
 d - a wand of acid (11)
 f - a wand of digging (5)
 k - a wand of charming (12)
 E - a wand of paralysis (10)
 K - a wand of flame (8)
Scrolls
 e - a scroll of magic mapping
 h - 2 scrolls of blinking
 t - a scroll of poison
 C - a scroll of identify {@r1}
 F - 3 scrolls of teleportation
 M - a scroll of fear
 N - a scroll of silence
 O - a scroll of fog
Potions
 o - a potion of mutation {unknown}
 p - 2 potions of magic
 q - 2 potions of cancellation
 s - 2 potions of resistance {unknown}
 w - a potion of might
 z - 3 potions of flight
 A - a potion of invisibility {unknown}
 B - a potion of attraction {unknown}
 H - a potion of haste {unknown}
 L - 2 potions of heal wounds


   Skills:
 + Level 7.4 Fighting
 - Level 6.8(10.7) Axes
 - Level 12.9(13.5) Maces & Flails
 + Level 7.5 Armour
 - Level 3.6 Shields


You had 9 spell levels left.
You didn't know any spells.
Your spell library contained the following spells:

 Spells                   Type           Power      Damage    Failure   Level
 Apportation              Tloc           0%         N/A       100%        1
 Foxfire                  Conj/Fire      0%         2x1d4     100%        1
 Necrotize                Necr           0%         1d4       100%        1
 Summon Small Mammal      Summ           0%         N/A       100%        1
 Poisonous Vapours        Pois/Air       0%         N/A       100%        2
 Static Discharge         Conj/Air       0%         N/A       100%        2
 Conjure Flame            Conj/Fire      0%         6-21      100%        3
 Inner Flame              Hex/Fire       0%         N/A       100%        3
 Tukima's Dance           Hex            0%         N/A       100%        3
 Corpse Rot               Necr/Pois/Air  0%         N/A       100%        4
 Dispel Undead            Necr           0%         3d6       100%        4
 Flame Wave               Conj/Fire      0%         2d4       100%        4
 Passage of Golubria      Tloc           0%         N/A       100%        4
 Sticky Flame             Conj/Fire      0%         2d3       100%        4
 Summon Ice Beast         Ice/Summ       0%         N/A       100%        4
 Summon Mana Viper        Hex/Summ       0%         N/A       100%        5
 Yara's Violent Unravell  Hex/Tmut       0%         3d3       100%        5
 Monstrous Menagerie      Summ           0%         N/A       100%        7


Dungeon Overview and Level Annotations

Branches:
Dungeon (9/15)             Temple (1/1) D:7
   Lair: D:8-11         Orc: D:9-12

Altars:
Ashenzari
Cheibriados
Elyvilon
Fedhas
Hepliaklqana
Kikubaaqudgha
Makhleb
Nemelex Xobeh
Okawaru
Qazlal
Sif Muna
Uskayaw
Vehumet
Wu Jian
Xom
Yredelemnul
Zin
The Shining One
Beogh

Shops:
D:1 [   D:6 ((*

Annotations:
D:4 3 runed translucent doors, SoEpicPie's ghost, weakling DDFi


Innate Abilities, Weirdness & Mutations

You have a pair of horns on your head.
You reflexively headbutt those who attack you in melee.
You have large cloven feet.
You possess an exceptional clarity of mind.
You are very dopey. (Int -4)
You are frail. (-10% HP)
Your spells are a little harder to cast, but a little more powerful.
You have hidden genetic potential.
You sometimes lose the ability to read scrolls when taking damage.


Message History

The wight is lightly damaged.
The hornet barely misses you. The wight barely misses you.
You barely miss the hornet. Your kick misses the hornet.
The hornet is lightly wounded.
The hornet stings you.
You feel yourself slow down.
You closely miss the hornet. You kick the hornet, but do no damage.
You headbutt the hornet.
The hornet is moderately wounded.
You feel yourself speed up. The hornet stings you.
You feel yourself slow down. You block the wight's attack.
The wight hits you but does no damage.
The hornet stings you but does no damage.
The wight hits you with a +4 great sword!
The wight hits you but does no damage.
You closely miss the hornet. You kick the hornet. You headbutt the hornet!
The hornet is severely wounded.
The hornet stings you!
You are poisoned.
You feel as though you will be slow longer.
The hornet stings you!
You feel as though you will be slow longer.
The wight hits you but does no damage.
You hit the hornet.
The hornet is poisoned.
Your kick misses the hornet.
The hornet is severely wounded.
You feel very sick. The hornet stings you.
You feel as though you will be slow longer.
The wight hits you with a +4 great sword!
You feel threatened and lose the ability to read scrolls!
* * * LOW HITPOINT WARNING * * *
You feel drained.
* * * LOW HITPOINT WARNING * * *
The wight hits you but does no damage. The wight hits you with a +3 battleaxe!
* * * LOW HITPOINT WARNING * * *
Xom roars with laughter!
The hornet stings you but does no damage.
You completely miss the hornet. You headbutt the hornet.
You kill the hornet!
You die...
Xom bursts into laughter!

..# #..# ..# #..# #
###..##..#
..#....#...###
....$........#
#............#
.............###
#(....z@.......#
##....zz....##..#
.......#....##
.##########..##
.### ##..#
....#########.#
.##.........>..##.#
..?......###.....#
#.........[#.##..#


You could see 3 wights.

Vanquished Creatures
  Maggie (D:7)
  2 hornets
  A yak (D:5)
  A wyvern (D:8)
  A steam dragon (D:8)
  Duvessa (D:5)
  A water moccasin (D:7)
  An orc warrior (D:8)
  3 ice beasts
  2 sky beasts (D:7)
  2 black bears
  A boggart (D:8)
  3 centaurs (D:7)
  A phantom (D:7)
  A kobold brigand (D:8)
  3 bullfrogs
  3 gnoll sergeants
  3 scorpions
  A necrophage (D:5)
  Dowan (D:5)
  A howler monkey (D:5)
  An electric eel (D:6)
  2 gnoll shamans
  4 orc priests
  4 hounds
  Jessica (D:3)
  2 iguanas
  4 orc wizards
  Robin (D:3)
  23 gnolls
  6 adders
  A shadow imp (D:6)
  An ufetubus (D:7)
  2 worms
  2 dart slugs
  30 orcs
  7 ball pythons
  5 endoplasms
  4 giant cockroaches
  9 goblins
  8 hobgoblins
  4 quokkas
  10 bats
  5 frilled lizards
  11 kobolds
  3 rats
184 creatures vanquished.

Notes
Turn   | Place    | Note
-------+----------+-------------------------------------------
     0 | D:1      | dolemite99 the Minotaur Fighter began the quest for the
                  | Orb.
     0 | D:1      | Reached XP level 1. HP: 19/19 MP: 0/0
   283 | D:1      | Reached XP level 2. HP: 26/26 MP: 1/1
   542 | D:1      | Found Iguceq's Armour Boutique.
   709 | D:1      | Found a faded altar of an unknown god.
   996 | D:1      | Prayed at the altar of an unknown god.
   996 | D:1      | Became a worshipper of Xom of Chaos
  1024 | D:1      | XOM: silly message
  1200 | D:2      | Reached XP level 3. HP: 21/31 MP: 2/2
  1336 | D:2      | XOM: 5-stop teleportation journey
  1366 | D:2      | XOM: silly message
  1639 | D:2      | Reached skill level 5 in Axes
  1890 | D:3      | Noticed Jessica
  1892 | D:3      | XOM: confuse monster(s)
  1904 | D:3      | Killed Jessica
  1905 | D:3      | Reached XP level 4. HP: 31/39 MP: 3/3
  2171 | D:3      | Noticed Robin
  2171 | D:3      | XOM: silly message
  2179 | D:3      | Killed Robin
  2180 | D:3      | Reached skill level 1 in Maces & Flails
  2244 | D:3      | Reached skill level 2 in Maces & Flails
  2244 | D:3      | XOM: 7-stop teleportation journey
  2403 | D:3      | XOM: give mutations
  2403 | D:3      | Gained mutation: Your body sometimes deteriorates upon
                  | taking damage. [Xom's mischief]
  2403 | D:3      | Gained mutation: You are dopey. (Int -2) [Xom's mischief]
  2437 | D:3      | Reached XP level 5. HP: 37/45 MP: 4/4
  2473 | D:3      | XOM: give mutations
  2473 | D:3      | Gained mutation: You sometimes lose the ability to read
                  | scrolls when taking damage. [Xom's mischief]
  2473 | D:3      | Gained mutation: You tend to lose your temper in combat.
                  | [Xom's mischief]
  2613 | D:3      | XOM: chaos upgrade
  2614 | D:3      | XOM: give mutations
  2614 | D:3      | Gained mutation: You are frail. (-10% HP) [Xom's mischief]
  2614 | D:3      | Lost mutation: Your body sometimes deteriorates upon taking
                  | damage. [Xom's mischief]
  2614 | D:3      | Lost mutation: You tend to lose your temper in combat.
                  | [Xom's mischief]
  2616 | D:3      | Reached skill level 3 in Maces & Flails
  2993 | D:4      | Noticed a black bear
  3000 | D:4      | Killed a black bear
  3001 | D:4      | Reached skill level 5 in Maces & Flails
  3001 | D:4      | Reached XP level 6. HP: 29/45 MP: 5/5
  3010 | D:4      | XOM: snakes to sticks
  3036 | D:4      | XOM: potion effect (curing)
  3330 | D:4      | Found a burning altar of Makhleb.
  3334 | D:4      | Found a sparkling altar of Nemelex Xobeh.
  3345 | D:4      | XOM: give mutations
  3345 | D:4      | Gained mutation: You are somewhat resistant to further
                  | mutation. [Xom's grace]
  3345 | D:4      | Lost mutation: You are frail. (-10% HP) [Xom's grace]
  3467 | D:4      | Found a runed translucent gate.
  3468 | D:4      | Found a runed translucent gate.
  3468 | D:4      | Found a runed translucent gate.
  3477 | D:4      | Noticed SoEpicPie's ghost (weakling DDFi)
  3562 | D:4      | XOM: 1-stop teleportation journey
  3566 | D:4      | Reached skill level 6 in Maces & Flails
  3588 | D:4      | XOM: polymorph dart slug -> orc
  4137 | D:4      | XOM: scenery: 3 doors close
  4160 | D:4      | XOM: give mutation
  4160 | D:4      | Gained mutation: You are frail. (-10% HP) [Xom's mischief]
  4246 | D:5      | Entered Level 5 of the Dungeon
  4255 | D:5      | XOM: 6-stop teleportation journey
  4347 | D:5      | Noticed Duvessa
  4347 | D:5      | Noticed Dowan
  4354 | D:5      | XOM: enchant monster (good)
  4365 | D:5      | XOM: potion effect (heal wounds)
  4371 | D:5      | Killed Duvessa
  4372 | D:5      | Reached skill level 7 in Maces & Flails
  4372 | D:5      | Reached XP level 7. HP: 46/51 MP: 6/6
  4393 | D:5      | Killed Dowan
  4556 | D:5      | Found a blossoming altar of Fedhas.
  4679 | D:5      | XOM: silly message
  4686 | D:5      | Reached skill level 8 in Maces & Flails
  4787 | D:5      | XOM: summons 3 hostile demons
  4941 | D:5      | Noticed a yak
  4946 | D:5      | XOM: summons 2 friendly demons
  4949 | D:5      | XOM: potion effect (berserk rage)
  4952 | D:5      | Killed a yak
  4953 | D:5      | Reached skill level 9 in Maces & Flails
  4957 | D:5      | Reached XP level 8. HP: 57/57 MP: 7/7
  4960 | D:5      | Reached skill level 10 in Maces & Flails
  4982 | D:5      | Identified the +4 ring mail of Vubucw {rN+}
  5138 | D:5      | XOM: scenery: create altars
  5318 | D:6      | XOM: summons 4 hostile shadow creatures
  5319 | D:6      | XOM: cleaving
  5328 | D:6      | XOM: smoke on damage
  5528 | D:5      | XOM: give mutations
  5528 | D:5      | Gained mutation: You possess an exceptional clarity of
                  | mind. [Xom's mischief]
  5528 | D:5      | Lost mutation: You are somewhat resistant to further
                  | mutation. [Xom's mischief]
  5528 | D:5      | Gained mutation: You have hidden genetic potential. [Xom's
                  | mischief]
  5528 | D:5      | Lost mutation: You are dopey. (Int -2) [Xom's mischief]
  5528 | D:5      | Gained mutation: You have large cloven feet. [Xom's
                  | mischief]
  5742 | D:5      | XOM: stat loss: -1 Str (21/22)
  5897 | D:5      | XOM: stat loss: -1 Str (20/22)
  6563 | D:6      | Found a stormy altar of Qazlal.
  6564 | D:6      | Noticed an air elemental
  6633 | D:6      | Found Nanatiy's Antique Weapon Emporium.
  6635 | D:6      | Found Lucieted's Weapon Boutique.
  6635 | D:6      | Found Togoaxka's General Store.
  6771 | D:6      | Bought a potion of heal wounds for 70 gold pieces
  6771 | D:6      | Bought a scroll of identify for 28 gold pieces
  6780 | D:6      | XOM: silly message
  7147 | D:6      | XOM: divination: detect creatures
  7220 | D:6      | XOM: god gift: 24 gold pieces
  7343 | D:6      | XOM: god gift: spear {god gift}
  7434 | D:6      | XOM: cloud trail
  7542 | D:6      | XOM: god gift: scroll labelled PANUEBUITZ {god gift}
  7660 | D:7      | Noticed Maggie
  7660 | D:7      | XOM: summons friendly iron imp
  7663 | D:7      | XOM: potion effect (curing)
  7672 | D:7      | Killed Maggie
  7834 | D:6      | XOM: divination: magic mapping
  7892 | D:7      | XOM: silly message
  7902 | D:7      | Reached skill level 5 in Fighting
  7902 | D:7      | Reached skill level 5 in Armour
  7924 | D:7      | Reached skill level 11 in Maces & Flails
  7950 | D:7      | Reached XP level 9. HP: 66/66 MP: 8/8
  7998 | D:7      | Gained mutation: Your spells are a little harder to cast,
                  | but a little more powerful. [hidden potential]
  8122 | D:7      | Reached skill level 12 in Maces & Flails
  8127 | D:7      | XOM: 1-stop teleportation journey
  8234 | D:7      | XOM: noise
  8408 | D:7      | XOM: silly message
  8610 | D:7      | Found a staircase to the Ecumenical Temple.
  8774 | D:7      | Found a white marble altar of Elyvilon.
  8791 | D:7      | XOM: cast spell 'Summon Ice Beast'
  8828 | D:7      | XOM: noise
  8838 | D:7      | XOM: blink monster(s)
  8882 | Temple   | Entered the Ecumenical Temple
  9037 | Temple   | XOM: noise
  9067 | D:7      | XOM: divination: detect items
  9207 | D:7      | XOM: 2-stop teleportation journey
  9457 | D:7      | XOM: god gift: potion of might
  9525 | D:7      | XOM is BORED!
  9653 | D:8      | XOM: god gift: ring mail {god gift}
  9777 | D:8      | XOM: summons 2 hostile demons
 10104 | D:8      | XOM: give mutations
 10104 | D:8      | Gained mutation: You are dopey. (Int -2) [Xom's mischief]
 10104 | D:8      | Gained mutation: You are clumsy. (Dex -2) [Xom's mischief]
 10104 | D:8      | Lost mutation: You are clumsy. (Dex -2) [Xom's mischief]
 10104 | D:8      | Gained mutation: You are very dopey. (Int -4) [Xom's
                  | mischief]
 10291 | D:8      | XOM: cloud trail
 10302 | D:8      | XOM: divination: detect creatures
 10422 | D:8      | XOM: god gift: chain mail {god gift}
 10424 | D:8      | XOM: polymorph centaur -> boggart
 10437 | D:8      | XOM: god gift: scroll of fog
 10494 | D:8      | Reached XP level 10. HP: 53/77 MP: 9/9
 10755 | D:9      | HP: 1/74 [wight/+3 battleaxe (12)]
 10756 | D:9      | Succumbed to a hornet's poison

Illustrated notes

Levels and vault maps discovered:
D:1:      co_arrival_random_square_maze, layout_basic,
          shapermc_ecumenical_altar_mp_highgroup, serial_shops, shop
D:2:      layout_rooms, minmay_small_reverse_x
D:3:      layout_loops_corners, uniq_robin, uniq_jessica
D:4:      layout_gridville, grunt_temple_overflow_open,
          biasface_ghost_orc_armoury, grunt_ministairs_15
D:5:      dreamdust_elfheim, layout_loops_ring, old_standard_altar,
          kennysheep_cross_room, minmay_fractal_squares_gapless_5
D:6:      layout_rooms, nicolae_qazlal_style_of_elements, grunt_decor_fettered,
          minmay_hedge_maze, minivault_1, nicolae_wooded_promenade,
          minmay_stone_trees_small, grunt_ministairs_5, dk_rats_in_the_wall
D:7:      layout_loops_cross, mainiacjoe_overflow_chevrons,
          minmay_temple_entry_nine_rooms, st_stairs_11, uniq_duvessa,
          uniq_maggie
D:8:      layout_basic
D:9:      layout_rooms, nicolae_ru_the_path_less_chosen,
          grunt_lair_entry_orc_guard_hut, uniq_psyche
Temple:   nicolae_temple_x_marks_the_god

Skill      XL: |  1  2  3  4  5  6  7  8  9 |
---------------+----------------------------+-----
Axes           | 3 4 5 6 |  6.8
Maces & Flails | 2 5 7 9 11 12 | 12.9
Fighting       | 5 7 |  7.4
Armour         | 5 7 |  7.5
Shields        | |  3.6

Action                   |  1- 3 |  4- 6 |  7- 9 | 10-12 || total
-------------------------+-------+-------+-------+-------++-------
Melee: War axe           |    95 |    14 |    10 |       ||   119
       Headbutt          |    11 |    13 |    48 |     3 ||    75
       Whip              |       |    94 |   141 |       ||   235
       Kick              |       |       |    68 |     3 ||    71
       Flail             |       |       |   122 |    10 ||   132
Throw: Stone             |       |     1 |       |       ||     1
       Javelin           |       |       |    31 |     1 ||    32
Evoke: Wand              |       |     2 |     9 |       ||    11
  Use: Potion            |       |     2 |     1 |       ||     3
       Scroll            |       |     2 |    14 |       ||    16
 Stab: Sleeping          |       |     1 |       |       ||     1
Armor: Scale mail        |    29 |       |       |       ||    29
       Chain mail        |    26 |    48 |    28 |       ||   102
       Ring mail         |       |       |    12 |       ||    12
       Swamp dragon scal |       |       |    34 |       ||    34
       Plate armour      |       |       |    23 |     9 ||    32
Dodge: Dodged            |    47 |    35 |    88 |     3 ||   173
Block: Buckler           |    29 |    15 |    52 |     1 ||    97

Table legend: (Time is in decaauts)
 A = Elapsed time spent in this place.
 B = Non-inter-level travel time spent in this place.
 C = Inter-level travel time spent in this place.
 D = Time resting spent in this place.
 E = Time spent auto-exploring this place.
 F = Levels seen in this place.
 G = Mean time per level.
                   A        B        C        D        E       F      G
               +--------+--------+--------+--------+--------+-----+--------+
         Total |  10731 |  10140 |    591 |   2757 |   5683 |  10 | 1073.1 |
       Dungeon |  10551 |   9960 |    591 |   2585 |   5683 |   9 | 1172.3 |
        Temple |    179 |    179 |      0 |    172 |      0 |   1 |  179.0 |
               +--------+--------+--------+--------+--------+-----+--------+

Top non-repeatable levels by time:
     D:5: 1830 daAuts
     D:6: 1621 daAuts
     D:7: 1496 daAuts
     D:3: 1333 daAuts
     D:4: 1308 daAuts
     D:8: 1159 daAuts
     D:1: 1118 daAuts
     D:2: 654 daAuts
  Temple: 179 daAuts
     D:9: 30 daAuts
